 Dungeon Crawl Stone Soup version 0.16.1-18-g436b03c (webtiles) character file.

81 ps1hhh the Cudgeler (level 4, -8/49 HPs)
             Began as an Ogre Berserker on Apr 30, 2015.
             Was a Believer of Trog.
             Mangled by a gnoll
             ... wielding a +0 flail
              (10 damage)
             ... on level 3 of the Dungeon.
             The game lasted 00:14:21 (1311 turns).

ps1hhh the Cudgeler (Ogre Berserker)                Turns: 1311, Time: 00:14:22

Health: -8/49      AC:  4    Str: 22    XL:     4   Next: 40%
Magic:  4/4        EV: 10    Int:  6    God:    Trog [**....]
Gold:   78         SH:  0    Dex: 10    Spells: 0 memorised, 3 levels left

rFire  . . .     SeeInvis .     a - +0 mace
rCold  . . .     Clarity  .     b - +0 animal skin
rNeg   . . .     SustAb   .     (shield restricted)
rPois  .         Gourm    .     (helmet restricted)
rElec  .         Spirit   .     f - +0 cloak
rCorr  .         Warding  .     (gloves unavailable)
rMut   .         Stasis   .     (boots unavailable)
MR     +....                    (no amulet)
Stlth  +.........               (no ring)
                                p - ring of protection from magic

@: somewhat resistant to hostile enchantments, very unstealthy
A: unfitting armour, tough skin 1
a: Burn Spellbooks, Berserk, Trog's Hand, Renounce Religion


You were on level 3 of the Dungeon.
You worshipped Trog.
Trog was pleased with you.
You were not hungry.

You visited 1 branch of the dungeon, and saw 3 of its levels.

You collected 78 gold pieces.

Inventory:

Hand weapons
 a - a +0 mace (weapon)
 j - a +0 club
Missiles
 m - 23 stones (quivered)
 x - 19 poisoned needles
Armour
 b - a +0 animal skin (worn)
 f - a +0 cloak (worn)
 k - a +0 ring mail
 q - a +0 leather armour
 u - a +0 pair of gloves
Jewellery
 p - a ring of protection from magic (left hand)
Scrolls
 d - 2 scrolls of identify
 e - a scroll of remove curse
 r - a scroll of teleportation {unknown}
 s - a scroll of blinking {unknown}
 t - a scroll of enchant weapon {unknown}
Potions
 g - a potion of cancellation {unknown}
 h - a potion of cure mutation {unknown}
 i - a potion of restore abilities {unknown}
 l - a potion of flight {unknown}
 n - 2 potions of curing {unknown}
 v - a potion of mutation {unknown}
 z - a potion of magic {unknown}
 A - a potion of might {unknown}
Comestibles
 c - a bread ration
 o - a meat ration
 w - 2 slices of pizza


   Skills:
 + Level 4.7 Fighting
 + Level 4.9 Maces & Flails
 + Level 1.8 Armour
 + Level 3.0 Dodging


You had 3 spell levels left.
You didn't know any spells.

Dungeon Overview and Level Annotations

Branches:
Dungeon (3/15)

Altars:
Okawaru


Innate Abilities, Weirdness & Mutations

You are too large for most types of armour.
You have tough skin (AC +1).


Message History

The gnoll hits you with a spear!
You hit the gnoll.
The gnoll is almost dead.
The gnoll barely misses you. The gnoll hits you with a spear!
You hit the gnoll but do no damage.
The gnoll is almost dead.
The rat closely misses you. The gnoll hits you with a flail!
* * * LOW HITPOINT WARNING * * *
The gnoll hits you with a spear.
* * * LOW HITPOINT WARNING * * *
The gnoll hits you from afar with a spear!
* * * LOW HITPOINT WARNING * * *
There is a stone staircase leading up, spattered with blood here.
Unknown command.
Unknown command.
Unknown command.
Unknown command.
Unknown command.
The rat bites you but does no damage. The gnoll hits you with a flail!
You die...

#####
...#
###.##
#..r@#
#.#g##
#....g#
###.###
#. #


You could see 2 gnolls and a rat.

Vanquished Creatures
  4 adders (D:2)
  A gnoll (D:3)
  A giant gecko (D:2)
  2 giant cockroaches
  3 goblins
  2 hobgoblins (D:1)
  3 jackals (D:2)
  5 kobolds (D:2)
  A ball python (D:2)
  5 bats
  2 giant newts (D:1)
  9 rats
38 creatures vanquished.

Notes
Turn   | Place    | Note
--------------------------------------------------------------
     0 | D:1      | ps1hhh, the Ogre Berserker, began the quest for the Orb.
     0 | D:1      | Reached XP level 1. HP: 24/24 MP: 1/1
   247 | D:1      | Reached XP level 2. HP: 32/32 MP: 2/2
   645 | D:2      | Found an iron altar of Okawaru.
   729 | D:2      | Reached XP level 3. HP: 30/40 MP: 3/3
   859 | D:2      | Acquired Trog's second power
  1069 | D:2      | Reached XP level 4. HP: 49/49 MP: 4/4
  1310 | D:3      | HP: 1/49 [gnoll/spear (11)]
  1311 | D:3      | Mangled by a gnoll

Action                   |  1- 3 |  4- 6 || total
-------------------------+-------+-------++-------
Melee: Mace              |    78 |    15 ||    93
Invok: Berserk           |     1 |       ||     1
  Use: Scroll            |     2 |       ||     2
  Eat: Meat ration       |     1 |       ||     1
       Fruit             |     1 |       ||     1
